 Dungeon Crawl Stone Soup version 0.31-a0-765-g67fe2935dc (webtiles) character file.

Game seed: 6009217473114045105

8985 CannotBeFrozen the Placeless Demigod (level 10, -3/84 HPs)
             Began as a Demigod Warper on July 6, 2023.
             Slain by a cyan ugly thing (5 damage)
             ... on level 10 of the Dungeon on Sept 16, 2023.
             The game lasted 01:06:24 (17541 turns).

CannotBeFrozen the Placeless Demigod (DgWr)        Turns: 17541, Time: 01:06:25

Health: -3/84      AC:  9    Str:  9    XL:     10   Next: 96%
Magic:  6/21       EV: 15    Int: 23    God:
Gold:   724        SH:  0    Dex: 17    Spells: 8/19 levels left

rFire   + . .        b - +2 rapier (venom)
rCold   . . .        (no shield)
rNeg    . . .        h - +0 ring mail "Uxzekead" {rElec rCorr Str-3 Stlth+}
rPois   .            v - +2 helmet {SInv}
rElec   +            (no cloak)
rCorr   +            m - +0 pair of gloves
SInv    +            (no boots)
Will    +....        (no amulet)
Stlth   ++           n - +5 ring of evasion
HPRegen 0.34/turn    G - ring of protection from fire
MPRegen 0.17/turn

%: no passive effects
@: lethally poisoned (-3 -> -4)
A: high MP 1, forlorn, divine attributes
a: no special abilities


You were on level 10 of the Dungeon.
You visited 1 branch of the dungeon, and saw 11 of its levels.
You also visited: Sewer.

You collected 831 gold pieces.
You spent 107 gold pieces at shops.

Inventory:

Hand Weapons
 a - a +4 falchion of freezing
 b - a +2 rapier of venom (weapon)
 H - the +8 hand axe "Hydraslayer" {spect, Fly Int+2 Dex+3}
   (You found it on level 7 of the Dungeon)

   Int+2:     It affects your intelligence (+2).
   Dex+3:     It affects your dexterity (+3).
   Fly:       It grants you flight.
Missiles
 d - 7 boomerangs of dispersal {=f=F}
 j - 5 throwing nets {=f=F}
 s - 18 poisoned darts (quivered)
 A - 9 boomerangs
 F - 3 javelins
Armour
 h - the +0 ring mail "Uxzekead" (worn) {rElec rCorr Str-3 Stlth+}
   (You found it on level 4 of the Dungeon)

   Str-3:     It affects your strength (-3).
   rElec:     It insulates you from electricity.
   rCorr:     It protects you from acid and corrosion.
   Stlth+:    It makes you more stealthy.
 m - a +0 pair of gloves (worn)
 v - a +2 helmet of see invisible (worn)
Jewellery
 n - a +5 ring of evasion (left hand)
 B - an amulet of guardian spirit
 D - a ring of fire
 G - a ring of protection from fire (right hand)
Wands
 e - a wand of charming (7)
 k - a wand of digging (13)
 o - a wand of iceblast (9)
 q - a wand of polymorph (7)
 z - a wand of mindburst (18)
 E - a wand of flame (24)
Scrolls
 c - a scroll of revelation
 f - 4 scrolls of enchant weapon
 i - a scroll of fear
 l - 2 scrolls of teleportation {@r2}
 t - a scroll of acquirement
 w - a scroll of amnesia
 y - 4 scrolls of blinking
 K - a scroll of identify {@r1}
Potions
 g - 2 potions of resistance
 p - 4 potions of cancellation
 r - 3 potions of lignification
 u - a potion of brilliance
 x - 2 potions of invisibility
 C - a potion of might
 I - a potion of heal wounds {@q2}
 J - a potion of attraction
 L - a potion of mutation


   Skills:
 + Level 6.4 Fighting
 + Level 9.9 Long Blades
 - Level 1.0 Throwing
 - Level 2.0 Armour
 - Level 2.0 Dodging
 - Level 2.0 Stealth
 - Level 5.0 Spellcasting
 - Level 10.0 Translocations


You had 8 spell levels left.
You knew the following spells:

 Your Spells              Type           Power      Damage    Failure   Level
b - Lesser Beckoning      Tloc           100%       N/A       1%          2
m - Manifold Assault      Tloc           51%        N/A       4%          4
t - Teleport Other        Tloc           51%        N/A       1%          3
z - Blink                 Tloc           100%       N/A       1%          2

Your spell library contained the following spells:

 Spells                   Type           Power      Damage    Failure   Level
 Freeze                   Ice            20%        1d4       26%         1
 Magic Dart               Conj           20%        1d4       26%         1
 Necrotise                Necr           20%        1d5       26%         1
 Sting                    Tmut/Pois      20%        1d4       26%         1
 Vhi's Electric Charge    Tloc/Air       56%        N/A       32%         4
 Call Imp                 Summ           10%        N/A       36%         2
 Poisonous Vapours        Pois/Air       10%        N/A       36%         2
 Dazzling Flash           Conj/Hex       10%        N/A       58%         3
 Frozen Ramparts          Ice            10%        1d2       58%         3
 Hailstorm                Conj/Ice       5%         3d4       58%         3
 Mephitic Cloud           Conj/Pois/Air  5%         N/A       58%         3
 Vampiric Draining        Necr           5%         2d6       58%         3
 Olgreb's Toxic Radiance  Pois           5%         N/A       94%         4
 Agony                    Necr           5%         N/A       100%        5
 Freezing Cloud           Conj/Ice/Air   2%         6-21      100%        5
 Lee's Rapid Deconstruct  Erth           2%         3d5*      100%        5
 Silence                  Hex/Air        2%         N/A       100%        5
 Discord                  Hex            2%         N/A       100%        8
 Ignition                 Fire           2%         3d3       100%        8
 Polar Vortex             Ice            2%         N/A       100%        9


Dungeon Overview and Level Annotations

Branches:
Dungeon (11/15)            Temple (0/1) D:4            Lair (0/5) D:9
    Orc (0/2) D:9           Sewer (visited)

Shops:
D:1 *   D:8 (*(*:


Innate Abilities, Weirdness & Mutations

You have an increased reservoir of magic. (+10% MP)
You shall have no god before yourself.
Your divine heritage dramatically boosts your attributes as you level up.


Message History

The killer bee misses you. The killer bee stings you.
* * * LOW HITPOINT WARNING * * *
HP: 17/84 (-6) ==---------- You hit the killer bee but do no damage.
The killer bee is poisoned.
You feel sick. The killer bee completely misses you. The killer bee misses you.
You miss the killer bee.
The killer bee is lightly wounded.
You feel sick. The killer bee closely misses you.
The killer bee barely misses you.
HP: 16/84 (-1) ==---------- You closely miss the killer bee.
The killer bee is moderately wounded.
You feel sick. The killer bee barely misses you.
HP: 15/84 (-1) ==---------- You miss the killer bee.
The killer bee is heavily wounded.
You feel sick. The killer bee barely misses you.
The killer bee closely misses you.
You barely miss the killer bee.
The killer bee is heavily wounded.
You feel sick.
You are no longer poisoned.
The killer bee stings you.
* * * LOW HITPOINT WARNING * * *
You are poisoned.
The killer bee poisons you!
The killer bee stings you but does no damage.
HP: 13/84 (-2) =----------- You feel sick.
The killer bee misses you.
HP: 11/84 (-2) =----------- You hit the killer bee.
You kill the killer bee!
You feel sick.
You feel sick.
The cyan ugly thing attacks as it pursues you!
The cyan ugly thing pecks you!
* * * LOW HITPOINT WARNING * * *
The cyan ugly thing shocks you. You resist.
You die...

# #~~...~~#..# ###+##### #
##~..♣..~#### #.# ##..........##
##.# # ###...♣._.♣r...### #..# #
......r..........# ###.##### #
...+#~..♣..~#..#.# #.......# #
...##~~...~~#..#.# #.u.....#######
...####...###..#.####.......##....'
...# ##.......#.@.##....|.....####
#'## ###.....###u##.>.....#### #
..# ###.### #..........# # .## #..#
####.......# # .# ##.# ##.###### #
#### #.# #.# ## ...##### #.## #.#
#. ...'...######..### #.## #.
...###...........#####.>####### #.


You could see a cyan ugly thing.

Vanquished Creatures
  A two-headed ogre (D:10)
  A komodo dragon (D:10)
  Psyche (D:9)
  2 trolls
  2 wyverns
  Sigmund (D:4)
  11 yaks
  A steam dragon (D:8)
  2 basilisks (D:9)
  An acid dragon (D:9)
  3 orc warriors
  Pargi (D:3)
  5 black bears
  An ogre (D:6)
  4 centaurs
  A phantom (D:7)
  A kobold brigand (D:9)
  3 bullfrogs
  2 gnoll sergeants
  6 scorpions
  9 wights
  14 killer bees
  7 howler monkeys
  4 jellies
  3 gnoll boudas
  11 orc priests
  2 hounds
  Jessica (D:3)
  Ijyb (D:3)
  4 iguanas
  12 orc wizards
  11 adders
  23 gnolls
  A river rat (D:6)
  A shadow imp (D:7)
  6 white imps
  An ufetubus (D:6)
  2 dart slugs
  35 orcs
  13 ball pythons
  17 endoplasms
  9 giant cockroaches
  5 goblins
  4 hobgoblins
  2 jackals (D:1)
  12 quokkas
  6 bats
  14 frilled lizards
  7 kobolds
  5 rats
292 creatures vanquished.

Notes
Turn   | Place    | Note
-------+----------+-------------------------------------------
     0 | D:1      | CannotBeFrozen the Demigod Warper began the quest for the
                  | Orb.
     0 | D:1      | Reached XP level 1. HP: 17/17 MP: 5/5
   899 | D:1      | Found Lemif's General Store.
   906 | D:1      | Bought a scroll of identify for 22 gold pieces
   906 | D:1      | Bought a potion of curing for 33 gold pieces
   906 | D:1      | Bought a scroll of identify for 22 gold pieces
  1140 | D:1      | Reached XP level 2. HP: 18/24 MP: 7/7
  1540 | D:2      | Noticed Sigmund
  2034 | D:2      | Reached XP level 3. HP: 25/29 MP: 8/8
  2037 | D:2      | Learned a level 2 spell: Blink
  2040 | D:2      | Learned a level 2 spell: Lesser Beckoning
  2265 | D:2      | HP: 1/29 [adder (1)]
  3009 | D:3      | Reached XP level 4. HP: 36/36 MP: 9/9
  3197 | D:3      | Noticed Pargi
  3357 | D:3      | Noticed Ijyb
  3366 | D:3      | Killed Ijyb
  3600 | D:3      | Got the Elucidation of Coarse Firn
  3647 | D:3      | Noticed Jessica
  3672 | D:3      | Killed Jessica
  4203 | D:4      | Reached skill level 5 in Long Blades
  4203 | D:4      | Reached skill level 1 in Armour
  4203 | D:4      | Reached skill level 1 in Stealth
  4203 | D:4      | Reached XP level 5. HP: 41/41 MP: 10/10
  4366 | D:4      | Killed Sigmund
  4367 | D:4      | Reached XP level 6. HP: 48/48 MP: 11/11
  4407 | D:4      | Found a staircase to the Ecumenical Temple.
  4423 | D:4      | Identified the +0 ring mail "Uxzekead" {rElec rCorr Str-3
                  | Stlth+}
  4693 | D:4      | Reached skill level 1 in Throwing
  4817 | D:4      | Reached skill level 3 in Translocations
  5817 | D:3      | Killed Pargi
  5818 | D:3      | Reached skill level 4 in Translocations
  5818 | D:3      | Reached XP level 7. HP: 38/55 MP: 13/13
  5906 | D:5      | Entered Level 5 of the Dungeon
  5956 | D:5      | Reached skill level 5 in Translocations
  7317 | D:5      | Reached XP level 8. HP: 65/67 MP: 14/14
  7478 | D:5      | Reached skill level 5 in Fighting
  7495 | D:5      | Learned a level 3 spell: Teleport Other
  7500 | D:5      | Learned a level 4 spell: Manifold Assault
  7607 | D:6      | Found a glowing drain.
  7612 | Sewer    | Entered a sewer
  8404 | D:6      | Identified a scroll of acquirement
  9485 | D:7      | Reached XP level 9. HP: 65/74 MP: 15/15
  9596 | D:7      | Identified the +8 hand axe "Hydraslayer" {spect, Fly Int+2
                  | Dex+3}
 10158 | D:7      | Reached skill level 6 in Translocations
 11305 | D:8      | Found Qaeg's Book Shoppe.
 11507 | D:8      | Found Xetace's Assorted Antiques.
 11640 | D:8      | Found Xonozoh's Antique Weapon Emporium.
 11671 | D:8      | Found Ixau's General Store.
 11760 | D:8      | Bought a scroll of identify for 30 gold pieces
 11770 | D:8      | Found a transporter.
 11772 | D:8      | Found a transporter.
 12192 | D:8      | Reached skill level 7 in Translocations
 12270 | D:8      | Upgraded the game from 0.31-a0-227-ga22c3bf811 to
                  | 0.31-a0-620-gd1cbd99268
 12329 | D:8      | Reached skill level 5 in Spellcasting
 12442 | D:8      | Found a transporter.
 12443 | D:8      | Found a transporter.
 12764 | D:8      | Found a transporter.
 12768 | D:8      | Found a transporter.
 13332 | D:8      | Reached XP level 10. HP: 53/74 MP: 21/21
 13500 | D:8      | Found Pepsoorgh's Antique Weapon Shoppe.
 13566 | D:9      | Reached skill level 8 in Translocations
 13735 | D:9      | Acquired a +2 helmet of see invisible
 13764 | D:9      | Noticed Psyche
 13786 | D:9      | Killed Psyche
 14129 | D:9      | Reached skill level 9 in Translocations
 14862 | D:9      | Found a staircase to the Orcish Mines.
 15484 | D:9      | Reached skill level 10 in Translocations
 15668 | D:9      | Found a staircase to the Lair.
 15848 | D:9      | Upgraded the game from 0.31-a0-620-gd1cbd99268 to
                  | 0.31-a0-746-ge8284cb111
 15867 | D:10     | Entered Level 10 of the Dungeon
 15930 | D:10     | Upgraded the game from 0.31-a0-746-ge8284cb111 to
                  | 0.31-a0-765-g67fe2935dc
 17048 | D:10     | Noticed a two-headed ogre
 17076 | D:10     | Killed a two-headed ogre
 17353 | D:11     | Noticed a cyan ugly thing
 17541 | D:10     | HP: 2/84 [cyan ugly thing (8)]
 17541 | D:10     | Slain by a cyan ugly thing

Illustrated notes

Levels and vault maps discovered:
D:1:      dpeg_arrival_concentric_ovals, layout_basic, serial_shops,
          shop_statue, minmay_misc_feat_roman
D:2:      layout_basic, nicolae_titane, uniq_sigmund
D:3:      layout_basic, zin_scriptorium, hangedman_glass_teeth, uniq_jessica,
          uniq_pargi, uniq_ijyb
D:4:      layout_rooms, mainiacjoe_overflow_cross_hatched,
          minmay_temple_entry_glass
D:5:      layout_basic, cheibrodos_ashenzari_chains, minmay_crystal_room
D:6:      layout_rooms, amcnicky_altar_gilded, fedhas_altar_2, tso_metal_star,
          mainiacjoe_overflow_six_doors_small, gup_sewer_entry_spiral
D:7:      layout_loops_ring
D:8:      layout_basic, hangedman_ru_absence, trog_ov_bears_minmay,
          serial_shops, nicolae_shop_waterfront, nicolae_inconvenience_store,
          shop, shop, nicolae_shop_stone, serial_nicolae_subway,
          nicolae_sub_station_metal, nicolae_sub_station_crystal,
          nicolae_sub_station_stone
D:9:      layout_long_grid, yredelemnul_altar_generic, erik_lair_dragon,
          david_orc_2, uniq_psyche
D:10:     layout_roguey, vehumet_altar_wand_db, elyvilon_altar_4
D:11:     layout_rooms, uniq_maurice

Skill      XL: |  1  2  3  4  5  6  7  8  9 10 |
---------------+-------------------------------+-----
Long Blades    | 2 3 4 5 6 9 |  9.9
Fighting       | 2 4 5 6 |  6.4
Armour         | 1 2 |  2.0
Dodging        | 2 |  2.0
Stealth        | 1 2 |  2.0
Throwing       | 1 |  1.0
Spellcasting   | 2 5 |  5.0
Translocations | 4 5 7 10 | 10.0

Action                     |  1- 3 |  4- 6 |  7- 9 | 10-12 || total
---------------------------+-------+-------+-------+-------++-------
  Melee: Falchion          |   167 |       |       |       ||   167
         Punch             |     1 |       |    13 |     2 ||    16
         Rapier            |       |   131 |   612 |   285 ||  1028
  Throw: Stone             |     2 |     9 |       |       ||    11
         Dart              |       |     6 |    22 |    40 ||    68
         Boomerang         |       |       |     7 |     2 ||     9
         Javelin           |       |       |     4 |       ||     4
   Cast: Blink             |       |     4 |     6 |     5 ||    15
         Manifold Assault  |       |       |    17 |    81 ||    98
  Evoke: Wand              |       |       |    14 |     8 ||    22
    Use: Scroll            |     5 |     1 |     8 |     5 ||    19
         Potion            |     3 |       |       |     1 ||     4
   Stab: Sleeping          |     2 |     1 |     2 |     3 ||     8
 Armour: Leather armour    |    70 |     5 |       |       ||    75
         Ring mail         |       |    19 |   124 |   103 ||   246
  Dodge: Dodged            |   107 |   109 |   479 |   144 ||   839

Table legend: (Time is in decaauts)
 A = Elapsed time spent in this place.
 B = Non-inter-level travel time spent in this place.
 C = Inter-level travel time spent in this place.
 D = Time resting spent in this place.
 E = Time spent auto-exploring this place.
 F = Levels seen in this place.
 G = Mean time per level.
                   A        B        C        D        E       F      G
               +--------+--------+--------+--------+--------+-----+--------+
         Total |  17658 |  16972 |    686 |   5768 |   6606 |  12 | 1471.5 |
       Dungeon |  16854 |  16168 |    686 |   5442 |   6504 |  11 | 1532.2 |
         Sewer |    804 |    804 |      0 |    326 |    102 |   1 |  804.0 |
               +--------+--------+--------+--------+--------+-----+--------+

Top non-repeatable levels by time:
     D:8: 2216 daAuts
     D:7: 2130 daAuts
     D:9: 1993 daAuts
     D:3: 1969 daAuts
     D:1: 1729 daAuts
     D:5: 1681 daAuts
    D:10: 1610 daAuts
     D:4: 1311 daAuts
     D:6: 1168 daAuts
     D:2: 984 daAuts
   Sewer: 804 daAuts
    D:11: 58 daAuts
